Unix xNetHack Version 7.1.0 - last build Jul 4 2022 02:09:00 (ec8469f2eb63cac24863ec985b09651f3a72bf9f). Game began 2022-07-04 18:54:02, ended 2022-07-05 06:44:53. nmlkj, chaotic male human Wizard --------------- @s ...............| # .....!.....| ---------- " )....+ |........-## - --- #-........| #|.....>...###### ####---------- ## # ### ------ -------- # |...... .....<.| # | |......| ##### |.......#### |......| -------- Nmlkj the Conjurer St:14 Dx:9 Co:15 In:17 Wi:10 Ch:11 Chaotic S:940 Dlvl:7 $:60 HP:0(40) Pw:29(50) AC:4 Xp:4/140 T:2754 Burdened Latest messages: There is a cave spider corpse here; eat it? [ynq] (n) y You finish eating the cave spider corpse. You stop. Your kitten is in the way! You can't go down here. The floor here is covered in deep perpendicular grooves. You have a little trouble lifting Q - a copper ring {3}. The kitten is caught in a spider web. You try to move the boulder, but in vain. In what direction? k The boulder falls apart. You see here 51 rocks. You hear a deep rolling sound. You have a little trouble lifting R - a scroll labeled ABRA KA DABRA {5}. You have a little trouble lifting S - an oak wand {7}. Really save? [yn] (n) y Saving... Restoring save file... Hello nmlkj, the human Wizard, welcome back to xNetHack! Your movements are slowed slightly because of your load. You fall down the stairs. You have a little trouble lifting $ - 13 gold pieces {0}. You see here a tripe ration. You have a little trouble lifting r - a tripe ration {10}. You have a little trouble lifting O - a black potion {20}. This door is locked. Unlock it with your key? [ynq] (q) y You succeed in unlocking the door. The door opens. You stumble into a spider web! You are stuck to the web. You disentangle yourself. The giant spider bites! The giant spider's bite was poisoned! The giant spider bites! Really step into that web? [yn] (n) n The giant spider bites! You miss the giant spider. The giant spider bites! In what direction? l The spell hits the giant spider. The giant spider bites! The giant spider bites! In what direction? l The spell hits the giant spider! The giant spider bites! In what direction? l The spell misses the giant spider. The giant spider bites! The giant spider bites! You die... Major events: Turn 1: nmlkj the chaotic male human Wizard entered the dungeon 629: attained the rank of Conjurer (level 3) 2219: destroyed nmlkj's ghost, the former Conjurer 2579: entered Sokoban 2754: killed by a giant spider Inventory: Inventory: 1079/775 weight (45/52 slots) Coins $ - 60 gold pieces {1} Amulets g - a cursed mithril amulet of change {14} Weapons B - 6 poisoned +0 darts {6} p - a +0 silver spear (weapon in hand) {33} a - a blessed +1 quarterstaff {40} Armor x - an uncursed +0 splint mail (being worn) {300} Comestibles r - an uncursed tripe ration {10} n - an uncursed lichen corpse {20} Scrolls b - 2 uncursed scrolls of blank paper {10} P - a blessed scroll of create monster {5} E - an uncursed scroll of create monster {5} R - an uncursed scroll of enchant armor {5} D - an uncursed scroll of enchant weapon {5} u - an uncursed scroll of identify {5} F - a cursed scroll of light {5} I - a cursed scroll of magic mapping {5} H - 2 cursed scrolls of remove curse {10} s - an uncursed scroll of teleportation {5} Spellbooks j - an uncursed spellbook of create monster {40} t - an uncursed spellbook of create monster {40} f - an uncursed spellbook of detect unseen {40} K - a cursed spellbook of dig {45} c - a blessed spellbook of force bolt {35} N - a cursed spellbook of force bolt {35} L - a cursed spellbook of healing {35} G - an uncursed spellbook of knock {35} e - an uncursed spellbook of light {35} d - a blessed spellbook of magic missile {40} M - a cursed spellbook of magic missile {40} Potions v - an uncursed potion of extra healing {20} O - a blessed potion of full healing {20} o - an uncursed potion of see invisible {20} i - an uncursed potion of sickness {20} k - an uncursed potion of sleeping {20} Rings y - an uncursed ring of regeneration (on right hand) {3} Q - an uncursed ring of slow digestion {3} l - a cursed ring of sustain ability {3} Wands w - a wand of create monster (0:14) {7} J - a cursed wand of slow monster (0:1) {7} S - a wand of striking (0:7) {7} Tools C - a can of grease (0:24) {15} q - an uncursed oil lamp {20} h - an uncursed skeleton key {3} m - an uncursed towel {5} Gems/Stones z - an uncursed worthless piece of red glass {1} A - an uncursed worthless piece of yellowish brown glass {1} Nmlkj the Wizard's attributes: Background: You were a Conjurer, a level 4 male human Wizard. You were chaotic, on a mission for Anhur who was opposed by Ptah (lawful) and Thoth (neutral). You were heterosexual. You were in the Dungeons of Doom, on level 7. You entered the dungeon 2754 turns ago. You had 140 experience points, 20 more were needed to attain level 5. Your score was 940 before end-of-game adjustments. Basics: You had 0 out of 40 hit points. You had 29 out of 50 energy points (spell power). Your armor class was 4. Your wallet contained 60 zorkmids. Autopickup was on for '$"?+!=/' plus thrown. Final Characteristics: Your strength was 14 (limit:18/100). Your dexterity was 9 (limit:18). Your constitution was 15 (limit:18). Your intelligence was 17 (limit:18). Your wisdom was 10 (limit:18). Your charisma was 11 (limit:18). Final Status: You were not hungry. You were burdened; movement was slightly slowed. You were wielding a spear. You were unskilled in spear. Final Attributes: You were piously aligned. You regenerated. You were warded. You are dead. Miscellaneous: You encountered 1 bones level. Total elapsed playing time was 39 minutes and 21 seconds. Vanquished creatures: a ghost a straw golem a floating eye a dwarf a rabid rat a wererat a werejackal an acid blob a hobbit a hobgoblin a giant rat 2 cave spiders 2 yellow molds 2 geckos 6 jackals a fox a kobold a sewer rat a grid bug 6 lichens 2 kobold zombies 6 newts 41 creatures vanquished. No species were genocided or became extinct. Voluntary challenges: You read items or engraved 3 times. You never genocided any monsters. You never polymorphed an object. You never changed form. You never touched an artifact. You used no wishes. You never scared an enemy with impunity. You were celibate. You never generated conflict. You did not violate any of the special Sokoban rules. Achievements: You entered a shop. You attained the rank of Conjurer. You entered Sokoban. The Dungeons of Doom: levels 1 to 7 Level 1: An altar, some trees. Level 2: A fountain, a tree. Level 3: An armor shop, a fountain, a sink. Level 4: An altar, some fountains, a sink, a grave. Level 5: Many fountains, a grave. Oracle of Delphi. Final resting place for nmlkj-Wiz-Hum-Mal-Cha, killed by a rabid rat. Level 6: A general store. Stairs up to Sokoban, level 5. Level 7: <- You were here. Final resting place for you, killed by a giant spider. Sokoban: Level 5: Unsolved. Game over: __________ / \ / REST \ / IN \ / PEACE \ / \ | nmlkj | | 60 Au | | killed by a | | giant spider | | | | | | 2022 | *| * * * | * _________)/\\_//(\/(/\)/\//\/|_)_______ Goodbye nmlkj the Wizard... You died in The Dungeons of Doom on dungeon level 7 with 934 points, and 60 pieces of gold, after 2754 moves. You were level 4 with a maximum of 40 hit points when you died.